 Dungeon Crawl Stone Soup version 0.31-a0-256-g80acddb972 (webtiles) character file.

Game seed: 11235568313956515652

80 Ijustatesigmund the Stinger (level 4, -2/28 HPs)
             Began as an Octopode Venom Mage on July 13, 2023.
             Slain by an orc wizard
             ... wielding a +0 dagger
              (4 damage)
             ... on level 3 of the Dungeon.
             The game lasted 00:04:38 (1728 turns).

Ijustatesigmund the Stinger (Octopode Venom Mage)   Turns: 1728, Time: 00:04:38

Health: -2/28      AC:  1    Str:  7    XL:     4   Next: 39%
Magic:  8/8        EV: 13    Int: 19    God:
Gold:   159        SH:  0    Dex: 12    Spells: 2/8 levels left

rFire   . . .        g - staff of air
rCold   . . .        (no shield)
rNeg    . . .        (helmet restricted)
rPois   .            h - amulet of magic regeneration
rElec   +            (no ring)
rCorr   .            (no ring)
SInv    .            (no ring)
Will    .....        (no ring)
Stlth   ++           (no ring)
HPRegen 0.24/turn    (no ring)
MPRegen 0.51/turn    (no ring)
                     (no ring)

%: clarity
@: confused
A: almost no armour, amphibious, 8 rings, camouflage 1, gelatinous body 1,
(nimble swimmer 1), tentacles, clarity
a: no special abilities


You were on level 3 of the Dungeon.
You visited 1 branch of the dungeon, and saw 3 of its levels.

You collected 159 gold pieces.

Inventory:

Hand Weapons
 m - a +0 war axe
Magical Staves
 g - a staff of air (weapon)
Jewellery
 h - an amulet of magic regeneration (around mantle)
Talismans
 n - a maw talisman
Scrolls
 d - a scroll of revelation
 f - 3 scrolls of teleportation
 i - a scroll of immolation {unknown}
 k - a scroll of fear {unknown}
 l - a scroll of amnesia {unknown}
Potions
 a - a potion of magic
 c - a potion of resistance


   Skills:
 - Level 1.3 Fighting
 - Level 2.0 Dodging
 - Level 2.6 Stealth
 + Level 2.7 Spellcasting
 + Level 1.1 Conjurations
 - Level 1.0 Transmutations
 + Level 1.3 Air Magic
 + Level 4.3 Poison Magic


You had 2 spell levels left.
You knew the following spells:

 Your Spells              Type           Power      Damage    Failure   Level
a - Sting                 Tmut/Pois      48%        1d5       5%          1
b - Poisonous Vapours     Pois/Air       40%        N/A       8%          2
c - Mephitic Cloud        Conj/Pois/Air  16%        N/A       19%         3

Your spell library contained the following spells:

 Spells                   Type           Power      Damage    Failure   Level
 Olgreb's Toxic Radiance  Pois           19%        N/A       26%         4


Dungeon Overview and Level Annotations

Branches:
Dungeon (3/15)

Altars:
Trog


Innate Abilities, Weirdness & Mutations

You cannot wear most types of armour.
You are amphibious.
You can wear up to eight rings at the same time.
Your skin changes colour to match your surroundings (Stealth+).
Your rubbery body absorbs attacks. (AC +1, EV +1)
((You are camouflaged when in or above water. (Stealth+)))
You have tentacles for arms and can constrict up to eight enemies at once.
You possess an exceptional clarity of mind.


Message History

The orc wizard is almost dead.
You kill the orc wizard!
Your Conjurations skill increases to level 1!
You have reached level 4!
You hit the orc but do no damage. You grab the orc. You squeeze the orc.
The orc is almost dead.
You constrict the orc, but do no damage.
The orc closely misses you. The orc hits you with a +0 hand axe.
You hit the orc but do no damage.
The orc is almost dead.
You constrict the orc.
You kill the orc!
You hear some strange, mumbled words.
You are confused.
An orc comes into view. It is wielding a +0 hand axe.
Okay, then.
You bump into the tree.
Something hits you. The orc barely misses you.
You bump into the rock wall.
Something hits you. The orc barely misses you.
You're too confused to move!
Something hits you. The orc hits you with a +0 hand axe.
You feel much better.
You feel less confused.
You hear some strange, mumbled words.
You are confused.
The orc barely misses you.
You bump into the rock wall.
Something hits you. The orc misses you.
You bump into the rock wall.
Something hits you. The orc hits you with a +0 hand axe!
You hit the orc but do no damage. Your squeeze misses the orc.
The orc misses you. Something hits you.
You barely miss something. Something hits you.
* * * LOW HITPOINT WARNING * * *
The orc hits you with a +0 hand axe.
* * * LOW HITPOINT WARNING * * *
Really quaff the potion of mutation?
You feel extremely strange.
Your thoughts seem clearer.
The orc barely misses you. Something hits you.
You die...

# ... #. ... . ##..####.##..
#..#........#
###############.##.......
#.............#o##.....
#.##..........#@#♣.♣.#
##.##+##.........{).)#### ###
...##.##.......###♣.♣.......#
## ####8.8#...[<..#
#.......#.+ #. #.##########
♣.♣.....#.# #. ##.##
#.........####. #8.8#
♣.♣............ ##.##
#.............. ##.##
♣.♣............


You could see an orc.

Vanquished Creatures
  An orc wizard (D:3)
  A worm (D:2)
  3 orcs (D:3)
  2 endoplasms
  2 giant cockroaches
  3 goblins (D:1)
  6 hobgoblins
  3 jackals (D:3)
  5 quokkas
  8 ball pythons
  4 bats
  2 frilled lizards (D:1)
  2 kobolds
  5 rats
47 creatures vanquished.

Notes
Turn   | Place    | Note
-------+----------+-------------------------------------------
     0 | D:1      | Ijustatesigmund the Octopode Venom Mage began the quest for
                  | the Orb.
     0 | D:1      | Reached XP level 1. HP: 11/11 MP: 3/3
   270 | D:1      | Reached XP level 2. HP: 18/18 MP: 1/5
   273 | D:1      | Learned a level 2 spell: Poisonous Vapours
   510 | D:1      | Reached skill level 1 in Fighting
   749 | D:1      | Reached skill level 4 in Poison Magic
   916 | D:1      | You fall into a shaft and drop 1 floor!
  1101 | D:1      | Reached XP level 3. HP: 23/23 MP: 3/6
  1110 | D:1      | Learned a level 3 spell: Mephitic Cloud
  1149 | D:2      | Found a bloodstained altar of Trog.
  1630 | D:3      | Reached skill level 1 in Air Magic
  1717 | D:3      | Reached skill level 1 in Conjurations
  1717 | D:3      | Reached XP level 4. HP: 25/28 MP: 5/8
  1727 | D:3      | HP: 1/28 [orc/+0 hand axe (6)]
  1728 | D:3      | Gained mutation: You possess an exceptional clarity of
                  | mind. [potion of mutation]
  1728 | D:3      | Slain by an orc wizard

Illustrated notes

Levels and vault maps discovered:
D:1:      dpeg_arrival_tiny_d, layout_basic, hangedman_decor_push
D:2:      layout_rooms, basic_altar
D:3:      layout_rooms, jmf_multi_god_temple, serial_forest,
          infiniplex_forest_clump_large, infiniplex_forest_lined_corner,
          infiniplex_forest_lined_3, infiniplex_forest_corner_1,
          infiniplex_forest_lined_corner, infiniplex_forest_zigzag_1,
          infiniplex_forest_end_1, infiniplex_forest_straight_4,
          infiniplex_forest_lined_room_2, dk_noncrumbling_2,
          chequers_mini_garden, grunt_ministairs_14, supply_closet_lemuel

Skill      XL: |  1  2  3 |
---------------+----------+-----
Fighting       | 1 |  1.3
Poison Magic   | 4 |  4.3
Air Magic      | 1 |  1.3
Conjurations   | 1 |  1.1
Dodging        | |  2.0
Stealth        | |  2.6
Spellcasting   | |  2.7
Transmutations | |  1.0

Action                     |  1- 3 |  4- 6 || total
---------------------------+-------+-------++-------
  Melee: Unarmed           |    41 |       ||    41
         Constrict         |    22 |     1 ||    23
         Tentacles         |    21 |     1 ||    22
         Staff             |    35 |     4 ||    39
         Punch             |     1 |       ||     1
   Cast: Sting             |    20 |       ||    20
         Poisonous Vapours |    24 |       ||    24
         Mephitic Cloud    |     2 |       ||     2
    Use: Scroll            |     5 |       ||     5
         Potion            |     1 |     2 ||     3
   Stab: Sleeping          |     1 |       ||     1
         Confused          |     2 |       ||     2
 Armour: Skin              |     6 |       ||     6
  Dodge: Dodged            |    51 |     7 ||    58

Table legend: (Time is in decaauts)
 A = Elapsed time spent in this place.
 B = Non-inter-level travel time spent in this place.
 C = Inter-level travel time spent in this place.
 D = Time resting spent in this place.
 E = Time spent auto-exploring this place.
 F = Levels seen in this place.
 G = Mean time per level.
                   A        B        C        D        E       F      G
               +--------+--------+--------+--------+--------+-----+--------+
         Total |   1734 |   1693 |     41 |    139 |   1202 |   3 |  578.0 |
       Dungeon |   1734 |   1693 |     41 |    139 |   1202 |   3 |  578.0 |
               +--------+--------+--------+--------+--------+-----+--------+

Top non-repeatable levels by time:
     D:1: 968 daAuts
     D:2: 554 daAuts
     D:3: 212 daAuts
